Map: Tropical Sacrifice

Players

binski

  • Race: Terran Terran
  • Spawn Location: 1:00

Rob - Winner!

  • Race: Protoss Protoss
  • Spawn Location: 7:00

Event: DreamHack SC2 Masters 2022 Atlanta (Offline)

VOD

Have the link to the VOD?

Description

Time

  • Played on: Nov. 18, 2022, 10:43 a.m.
  • Length: 18:30

All games in this series

Show
View Real Time Build Order
Export as new Build Order

binski Terran 

Build Orders:  

Get SALT Encoding   

  12  0:00  SCV  
  13  0:12  SCV  
  14  0:18  Supply Depot  
  14  0:24  SCV  
  15  0:40  SCV, Barracks  
  16  0:44  Refinery  
  16  0:52  SCV  
  17  1:04  SCV  
  18  1:16  SCV  
  19  1:27  Marine  
  19  1:28  Orbital Command  
  20  1:45  Barracks Reactor  
  20  1:53  Command Center  
  20  1:57  SCV  
  21  2:05  Supply Depot  
  21  2:09  SCV  
  21  2:11  Refinery  
  22  2:19  Bunker  
  22  2:22  SCV  
  23  2:26  Reaper  
  23  2:28  Reaper  
  25  2:34  SCV  
  26  2:42  Factory  
  26  2:46  SCV  
  27  2:58  Marine  
  26  2:59  SCV  
  26  3:00  Marine  
  29  3:11  SCV  
  29  3:22  Orbital Command  
  29  3:23  SCV  
  30  3:27  Widow Mine, Marine  
  33  3:35  SCV  
  33  3:37  Starport  
  34  3:47  SCV  
  34  3:49  Factory Tech Lab, Marine x2  
  34  3:51  SCV  
  36  3:59  SCV  
  36  4:01  Barracks  
  37  4:04  SCV  
  37  4:07  Siege Tank  
  37  4:09  Marine  
  41  4:10  Marine  
  41  4:14  Supply Depot  
  41  4:16  Starport Tech Lab  
  43  4:19  SCV x2  
  45  4:27  Marine  
  45  4:29  Supply Depot  
  46  4:35  SCV x2, Marine  
  46  4:36  Raven  
  51  4:38  Supply Depot  
  51  4:41  Siege Tank  
  54  4:49  Barracks Tech Lab  
  54  4:50  SCV x2, Marine  
  57  4:53  Supply Depot  
  57  4:55  Barracks  
  57  4:56  Marine  
  58  5:03  SCV  
  58  5:04  Refinery  
  58  5:05  SCV  
  60  5:11  Stimpack, Marauder  
  62  5:18  Marine x2  
  64  5:26  SCV x2  
  64  5:28  Supply Depot  
  66  5:32  Factory Reactor  
  66  5:35  Refinery, Starport Reactor  
  66  5:38  SCV x2  
  66  5:39  Marine  
  66  5:40  Marine  
  70  5:45  Marauder  
  71  5:50  SCV x2  
  73  5:57  Marine x2  
  73  6:02  SCV x2  
  73  6:05  Marauder  
  73  6:06  Marauder  
  72  6:12  Widow Mine  
  72  6:14  SCV x2  
  72  6:15  Marine  
  77  6:21  Marine  
  70  6:26  SCV x2  
  70  6:27  Marauder  
  70  6:28  Medivac, Marauder  
  70  6:29  Medivac  
  77  6:33  Marine  
  77  6:38  SCV  
  77  6:39  Marine  
  78  6:40  Combat Shield  
  78  6:53  Supply Depot  
  78  6:55  Supply Depot  
  78  7:05  SCV  
  78  7:06  Marauder  
  78  7:09  Marine x2  
  78  7:14  Supply Depot  
  78  7:15  SCV, Widow Mine x2, Marauder  
  85  7:16  Supply Depot, Medivac x2  
  89  7:24  Command Center  
  89  7:25  SCV  
  89  7:27  SCV, Barracks  
  89  7:28  Marauder  
  91  7:35  Marine x2  
  91  7:37  Marauder  
  95  7:38  Barracks  
  91  7:46  SCV  
  91  7:47  SCV  
  91  7:49  Marauder  
  89  7:53  Marine x2  
  89  7:58  Engineering Bay, Marauder  
  92  7:59  SCV  
  92  8:03  Supply Depot  
  93  8:10  Medivac, Marine  
  93  8:11  Medivac, Marine x2  
  93  8:12  Widow Mine  
  102  8:13  Widow Mine  
  102  8:19  Marine  
  105  8:21  Marauder  
  105  8:22  Supply Depot  
  107  8:28  Refinery, Marine  
  107  8:29  Marine  
  107  8:33  Widow Mine  
  111  8:34  Marine  
  111  8:35  Missile Turret  
  111  8:39  SCV x2  
  115  8:42  Supply Depot  
  115  8:47  Armory  
  115  8:48  Barracks Reactor, Concussive Shells  
  114  8:49  Marauder  
  114  8:51  SCV  
  114  8:54  SCV  
  117  8:59  Orbital Command  
  117  9:02  Missile Turret  
  117  9:08  Missile Turret  
  116  9:18  Marauder, Marine  
  116  9:19  Missile Turret  
  116  9:20  SCV x2  
  121  9:26  Engineering Bay  
  121  9:29  Marauder x2, Marine x2  
  127  9:35  Marine  
  127  9:36  Marine  
  127  9:37  SCV  
  128  9:39  Marauder  
  128  9:41  SCV  
  131  9:47  Marine x2  
  131  9:49  SCV  
  131  9:51  Supply Depot  
  131  9:52  Terran Infantry Armor Level 1  
  134  9:53  Terran Infantry Weapons Level 1  
  134  10:00  Marine  
  134  10:01  Marauder x2  
  134  10:03  Ghost Academy, Marine  
  140  10:08  Marine x2  
  140  10:12  Supply Depot  
  140  10:14  Terran Ship Weapons Level 1  
  142  10:20  SCV x2  
  144  10:23  SCV  
  144  10:26  Bunker  
  145  10:30  Supply Depot  
  145  10:31  Marine  
  145  10:32  SCV  
  145  10:33  Orbital Command  
  145  10:35  Marauder  
  148  10:45  Marine x4  
  148  10:46  Marauder  
  134  10:53  SCV  
  134  10:56  Marine x2  
  128  10:59  SCV  
  128  11:03  Marine  
  128  11:04  SCV  
  126  11:09  SCV  
  127  11:11  SCV  
  127  11:16  SCV  
  126  11:19  Missile Turret  
  126  11:21  SCV  
  126  11:23  SCV  
  128  11:28  Ghost  
  128  11:29  Marine x2  
  128  11:32  SCV  
  133  11:33  SCV  
  133  11:35  SCV  
  133  11:38  Marine  
  136  11:40  Marine  
  136  11:46  Terran Infantry Armor Level 2  
  137  11:52  Terran Infantry Weapons Level 2  
  137  12:12  Ghost x2  
  137  12:13  Marauder  
  137  12:15  Medivac x2, Widow Mine x2, Marine x2  
  141  12:16  Marine  
  141  12:20  SCV x3  
  145  12:30  Marine  
  145  12:33  Marine  
  145  12:34  Ghost  
  149  12:37  Marine x2  
  149  12:40  Ghost  
  153  12:45  Ghost  
  153  12:48  Marine  
  153  12:51  Marine  
  156  12:55  Missile Turret, Marine  
  156  12:56  Marine  
  157  13:02  Ghost  
  157  13:04  Command Center  
  159  13:06  Marine  
  158  13:20  Ghost  
  158  13:21  Marine, Ghost  
  158  13:22  Marine x2  
  158  13:26  SCV, Refinery  
  166  13:27  Refinery, SCV  
  166  13:31  SCV, Ghost  
  166  13:33  Marine  
  171  13:36  Widow Mine  
  171  13:38  SCV  
  171  13:39  SCV, Marine  
  172  13:43  SCV  
  173  13:59  Ghost  
  173  14:00  Marine  
  172  14:05  Ghost  
  172  14:06  Marine  
  172  14:09  Ghost  
  173  14:11  Supply Depot x2, Marine  
  173  14:12  Widow Mine x2  
  155  14:36  Marauder x2, Marine x3  
  155  14:37  Orbital Command  
  145  14:42  SCV x2  
  144  14:54  SCV, Orbital Command  
  144  14:55  SCV  
  146  15:01  Marauder x2  
  149  15:07  Marauder  
  149  15:13  Marine  
  141  15:16  SCV  
  142  15:23  Marauder  
  144  15:33  Marauder, Marine x2  
  144  15:34  Marine x2  
  144  15:35  Supply Depot  
  137  15:51  Orbital Command  
  135  15:59  SCV x3  
  135  16:02  Ghost  
  135  16:03  Marine x2  
  141  16:05  Missile Turret  
  141  16:08  Marine x2  
  141  16:11  SCV x2  
  138  16:22  Marauder x2  
  138  16:23  Marine  
  126  16:27  SCV  
  125  16:36  SCV  
  125  16:37  SCV x2  
  128  16:45  Ghost x2  
  128  16:47  Marine x2  
  128  16:55  Marauder, Marine  
  135  17:01  Widow Mine x2  
  135  17:05  SCV x2, Marine  
  135  17:06  Marine x2  
  141  17:13  Marine  
  141  17:14  Marauder x2  
  141  17:17  Marauder  
  118  17:25  Marine x3  
  118  17:28  SCV  
  122  17:32  Marine  
  122  17:35  Marauder x2  
  127  17:38  Marauder  
  127  17:43  Marine, Orbital Command  
  127  17:46  Marine  
  127  17:47  Marine  
  129  17:52  Medivac x2, Widow Mine  
  129  17:53  Widow Mine  
  129  17:57  Marauder x2  
  124  18:07  Marauder, Marine x3  
  124  18:09  Marine  
  124  18:12  SCV  
Show
View Real Time Build Order
Export as new Build Order

Rob Protoss - Winner!

Build Orders: 1 Gate Expand, Blink Stalkers 

Get SALT Encoding   

  12  0:00  Probe  
  13  0:12  Probe  
  14  0:19  Pylon  
  14  0:24  Probe (Chrono Boost)  
  15  0:38  Gateway, Probe (Chrono Boost)  
  16  0:45  Probe (Chrono Boost)  
  16  0:48  Assimilator  
  17  0:52  Probe  
  18  1:04  Probe  
  19  1:17  Probe  
  20  1:26  Cybernetics Core  
  20  1:36  Nexus  
  20  1:39  Probe  
  21  1:46  Assimilator  
  21  1:51  Probe  
  21  1:56  Pylon  
  21  2:00  Adept (Chrono Boost)  
  23  2:14  Probe (Chrono Boost)  
  24  2:17  Twilight Council  
  24  2:19  Warp Gate  
  24  2:23  Probe (Chrono Boost)  
  25  2:30  Stalker  
  25  2:34  Probe  
  28  2:49  Probe (Chrono Boost)  
  28  2:51  Probe (Chrono Boost)  
  30  2:54  Gateway  
  31  3:00  Probe (Chrono Boost)  
  31  3:02  Probe (Chrono Boost)  
  32  3:07  Probe  
  32  3:10  Probe  
  34  3:13  Stalker  
  34  3:15  Blink (Chrono Boost)  
  36  3:22  Probe  
  36  3:23  Probe  
  37  3:34  Probe  
  37  3:38  Probe  
  35  3:46  Probe (Chrono Boost)  
  34  3:52  Robotics Facility, Probe (Chrono Boost)  
  35  3:58  Probe (Chrono Boost)  
  37  4:04  Gateway  
  37  4:05  Gateway  
  37  4:07  Probe (Chrono Boost)  
  37  4:08  Probe (Chrono Boost)  
  38  4:14  Probe  
  38  4:15  Stalker  
  38  4:16  Probe  
  42  4:25  Pylon  
  42  4:26  Probe  
  42  4:28  Probe  
  42  4:29  Stalker  
  46  4:42  Warp Prism (Chrono Boost)  
  46  4:43  Stalker  
  50  4:48  Pylon  
  50  4:54  Stalker  
  50  4:58  Pylon  
  50  4:59  Stalker  
  54  5:06  Stalker x2  
  58  5:09  Pylon  
  58  5:13  Observer  
  59  5:37  Stalker x2  
  59  5:38  Stalker x2  
  65  5:50  Dark Shrine  
  65  6:01  Nexus  
  57  6:05  Stalker x2  
  57  6:11  Zealot x2  
  65  6:12  Probe  
  65  6:13  Probe  
  65  6:18  Gateway  
  67  6:24  Probe  
  67  6:25  Probe  
  61  6:37  Probe x2 (Chrono Boost)  
  61  6:38  Stalker x3  
  67  6:49  Probe x2 (Chrono Boost)  
  67  6:50  Gateway  
  67  6:52  Gateway  
  67  6:53  Gateway  
  69  6:56  Probe x2 (Chrono Boost)  
  69  6:57  Pylon  
  71  7:03  Probe x2  
  73  7:11  Charge (Chrono Boost)  
  73  7:12  Zealot x2  
  78  7:15  Probe x2  
  78  7:18  Probe  
  78  7:21  Gateway  
  78  7:22  Gateway  
  80  7:27  Zealot x2  
  80  7:37  Forge  
  80  7:51  Zealot x8  
  86  8:06  Protoss Ground Weapons Level 1 (Chrono Boost)  
  86  8:14  Zealot x7  
  86  8:15  Pylon  
  100  8:21  Probe  
  101  8:30  Pylon  
  101  8:34  Dark Templar x3, Pylon x2  
  105  8:40  Dark Templar  
  109  8:43  Pylon x2  
  109  8:44  Dark Templar  
  109  8:59  Zealot x2  
  109  9:00  Zealot x4  
  113  9:08  Warp Prism (Chrono Boost)  
  113  9:09  Dark Templar  
  115  9:15  Nexus  
  116  9:20  Zealot x2  
  116  9:27  Probe x3  
  119  9:32  Pylon  
  119  9:39  Probe x3  
  118  9:48  Robotics Bay  
  118  9:51  Robotics Facility, Probe x2  
  118  9:52  Probe, Assimilator  
  121  9:53  Assimilator  
  119  10:03  Probe x2  
  119  10:04  Probe  
  119  10:06  Stalker  
  124  10:07  Zealot x2  
  124  10:13  Photon Cannon  
  121  10:16  Probe x2 (Chrono Boost)  
  121  10:18  Photon Cannon  
  121  10:19  Probe (Chrono Boost)  
  124  10:28  Probe (Chrono Boost)  
  121  10:30  Probe (Chrono Boost), Photon Cannon  
  121  10:32  Probe (Chrono Boost)  
  121  10:34  Probe (Chrono Boost)  
  121  10:35  Probe (Chrono Boost)  
  119  10:44  Probe  
  118  10:51  Probe x2  
  118  10:53  Dark Templar  
  118  10:54  Disruptor (Chrono Boost), Dark Templar  
  118  10:56  Probe  
  118  11:08  Disruptor (Chrono Boost), Probe x2  
  118  11:09  Probe x2  
  119  11:20  Probe  
  119  11:21  Probe x2  
  120  11:26  Disruptor (Chrono Boost)  
  120  11:31  Zealot x7  
  137  11:33  Probe x2  
  137  11:34  Pylon  
  137  11:40  Dark Templar  
  137  11:46  Nexus  
  139  11:48  Disruptor (Chrono Boost)  
  143  11:54  Probe x3  
  134  12:13  Zealot x6  
  134  12:14  Zealot x2  
  144  12:25  Pylon  
  142  12:34  Dark Templar x2  
  146  12:40  Stalker  
  146  12:41  Stalker x3  
  154  12:50  Disruptor (Chrono Boost)  
  153  12:59  Nexus  
  153  13:04  Protoss Ground Weapons Level 2 (Chrono Boost)  
  153  13:10  Forge  
  153  13:11  Zealot x3  
  149  13:21  Zealot x4  
  155  13:37  Zealot x6  
  159  13:49  Pylon  
  157  14:06  Disruptor (Chrono Boost)  
  157  14:07  Zealot x10  
  157  14:08  Disruptor (Chrono Boost)  
  180  14:13  Pylon  
  180  14:16  Pylon  
  152  14:35  Zealot x8  
  158  14:42  Disruptor (Chrono Boost)  
  158  14:43  Disruptor (Chrono Boost)  
  157  14:47  Probe x3  
  157  14:48  Probe  
  161  14:59  Probe  
  162  15:12  Probe x3  
  153  15:15  Disruptor x2 (Chrono Boost)  
  151  15:42  Disruptor (Chrono Boost)  
  135  15:51  Disruptor (Chrono Boost)  
  135  15:55  Zealot x5, Stalker x3  
  135  15:56  Zealot x2  
  134  16:08  Assimilator  
  134  16:09  Disruptor, Assimilator  
  132  16:13  Pylon  
  132  16:15  Zealot x3  
  132  16:16  Zealot x4  
  149  16:22  Stalker  
  149  16:23  Stalker x2  
  150  16:34  Nexus  
  142  16:48  Stalker x2  
  142  16:49  Zealot x4  
  152  17:17  Zealot x3  
  152  17:22  Zealot x5  
  152  17:46  Zealot x8  
  152  17:47  Disruptor  
  171  17:54  Pylon  
  151  18:14  Zealot x6  
  151  18:19  Photon Cannon  
Tags
 
Add a new tag
Caveats
  • Supply blocks, unpowered buildings, or Contaminate may cause inaccurate times.
  • Supply counts are checked every 10 seconds.